 Dungeon Crawl Stone Soup version 0.31.0-12-g77e489cdc1 (webtiles) character file.

Game seed: 1595372236139374306

1230 H0rd4k the Grappler (level 8, -2/51 HPs)
             Began as an Octopode Shapeshifter on Feb 22, 2024.
             Slain by an ufetubus (3 damage)
             ... on level 6 of the Dungeon on Feb 23, 2024.
             The game lasted 00:08:43 (4095 turns).

H0rd4k the Grappler (Octopode Shapeshifter)         Turns: 4095, Time: 00:08:45

Health: -2/51      AC:  1    Str: 13    XL:     8   Next: 48%
Magic:  8/8        EV: 13    Int: 15    God:
Gold:   271        SH:  4    Dex: 11    Spells: 7/7 levels left

rFire   . .          .
                       - Unarmed
rCold   . . .        (no shield)
rNeg    . . .        (helmet currently unavailable)
rPois   .            (no amulet)
rElec   .            d - ring of willpower
rCorr   .            (no ring)
SInv    .            (no ring)
Will    +....        (no ring)
Stlth   ++           (no ring)
HPRegen 0.28/turn    (no ring)
MPRegen 0.11/turn    (no ring)
                     (no ring)

%: no passive effects
@: beast-form
A: beast (slay +2), almost no armour, amphibious, 8 rings, camouflage 1,
gelatinous body 1, (nimble swimmer 1), tentacles, large bone plates 1, screaming
1, subdued magic 1
a: Begin Untransformation


You were on level 6 of the Dungeon.
You were a hulking beast.
You visited 1 branch of the dungeon, and saw 6 of its levels.
You also visited: Ossuary.

You collected 271 gold pieces.

Inventory:

Jewellery
 d - a ring of willpower (left tentacle)
 f - a ring of see invisible
Talismans
 b - a beast talisman
 c - a flux talisman
Scrolls
 e - a scroll of enchant armour {unknown}
 g - 2 scrolls of vulnerability {unknown}
 j - 9 scrolls of identify {unknown}
 k - 3 scrolls of silence {unknown}
 m - 2 scrolls of fear {unknown}
 n - a scroll of poison {unknown}
 r - 2 scrolls of enchant weapon {unknown}
 s - 3 scrolls of teleportation {unknown}
 t - a scroll of revelation {unknown}
 u - a scroll of noise {unknown}
 w - a scroll of blinking {unknown}
 x - a scroll of torment {unknown}
Potions
 a - 4 potions of lignification
 h - 3 potions of enlightenment
 i - a potion of haste {unknown}
 l - 2 potions of degeneration
 o - a potion of curing {unknown}
 p - 3 potions of heal wounds
 q - a potion of mutation
 v - a potion of attraction {unknown}


   Skills:
 + Level 2.3 Fighting
 - Level 2.1 Dodging
 + Level 0.1 Shields
 + Level 9.0 Unarmed Combat
 + Level 5.2 Shapeshifting


You had 7 spell levels left.
You didn't know any spells.
Your spell library contained the following spells:

 Spells                   Type           Power      Damage    Failure   Level
 Kiss of Death            Conj/Necr      0%         2d5       22%         1
 Call Canine Familiar     Summ           0%         N/A       58%         3
 Confusing Touch          Hex            0%         N/A       58%         3
 Dazzling Flash           Conj/Hex       0%         N/A       58%         3
 Inner Flame              Hex/Fire       0%         N/A       58%         3
 Mephitic Cloud           Conj/Alch/Air  0%         N/A       58%         3
 Sigil of Binding         Hex            0%         N/A       58%         3
 Dimensional Bullseye     Hex/Tloc       0%         N/A       94%         4
 Dispel Undead            Necr           0%         3d6       94%         4
 Curse of Agony           Necr           0%         N/A       100%        5
 Irradiate                Conj/Alch      0%         3d11      100%        5
 Silence                  Hex/Air        0%         N/A       100%        5
 Ignition                 Fire           0%         3d3       100%        8


Dungeon Overview and Level Annotations

Branches:
Dungeon (6/15)            Ossuary (visited)
 Temple: D:4-7

Altars:

Shops:
D:1 ?   D:5 ((**

Annotations:
D:3 exclusion: downstairs
D:4 Eustachio, Sigmund


Innate Abilities, Weirdness & Mutations

You are a hulking beast.
Your limbs bulge with bestial killing power. (Slay +2)
You cannot wear most types of armour.
You are amphibious.
You can wear up to eight rings at the same time.
Your skin changes colour to match your surroundings (Stealth+).
Your rubbery body absorbs attacks. (AC +1, EV +1)
((You are camouflaged when in or above water. (Stealth+)))
You have tentacles for arms and can constrict up to eight enemies at once.
You are partially covered in large bone plates. (SH +4)
You occasionally shout uncontrollably at your foes.
Your spells are a little easier to cast, but a little less powerful.


Message History

You kill the orc!
The orc hits you with a +0 dagger.
You bludgeon the ufetubus!
You kill the ufetubus!
The iguana completely misses you. The ufetubus barely misses you.
You block the ufetubus's attack. The orc barely misses you.
The ufetubus attacks as it pursues you! The ufetubus hits you.
The ufetubus closely misses you. The orc misses you.
Found a scroll labelled WYUM REAQIUCLE.
The ufetubus attacks as it pursues you! The ufetubus closely misses you.
The ufetubus barely misses you. The ufetubus slips past you!
The ufetubus barely misses you. The ufetubus hits you.
The orc attacks as it pursues you! The orc hits you with a +0 dagger.
You barely miss the ufetubus. Your grab misses the ufetubus.
Your squeeze misses the ufetubus. The ufetubus hits you.
The ufetubus closely misses you.
You bludgeon the orc!
You kill the orc!
The ufetubus hits you but does no damage.
The ufetubus barely misses you.
A scorpion comes into view.
Your Unarmed Combat skill increases to level 9!
You miss the ufetubus. Your grab misses the ufetubus.
You block the ufetubus's attack.
The ufetubus hits you but does no damage.
The iguana bites you! The iguana barely misses you. The ufetubus hits you. x2
* * * LOW HITPOINT WARNING * * *
Unknown command.
The ufetubus attacks as it pursues you! The ufetubus hits you.
* * * LOW HITPOINT WARNING * * *
The ufetubus closely misses you. The ufetubus attacks as it pursues you!
The ufetubus hits you.
* * * LOW HITPOINT WARNING * * *
The ufetubus hits you.
* * * LOW HITPOINT WARNING * * *
The ufetubus hits you.
* * * LOW HITPOINT WARNING * * *
The ufetubus hits you.
You die...

#.#.# #.#.######+####
#.#.##........#
#.#..#..=.....#
#.##..........#####.#
#. ##......).)......#
###.s).##l####....
###...#5# ? ##..#h#
........# ........#
......#>..
......##### ......#
..... .....


You could see an iguana and an ufetubus.

Vanquished Creatures
  Menkaure (Ossuary)
  2 ogres
  A black bear (D:5)
  2 phantoms (D:6)
  A scorpion (D:5)
  2 elf skeletons (D:5)
  A howler monkey (D:5)
  A bombardier beetle (D:5)
  2 human zombies (D:5)
  3 hounds
  Jessica (D:3)
  A human skeleton (D:5)
  2 iguanas
  3 mummies (Ossuary)
  3 adders
  A shadow imp (D:5)
  A white imp (D:6)
  An ufetubus (D:6)
  5 ribbon worms
  2 dart slugs
  4 orcs
  6 ball pythons
  4 bats
  3 endoplasms
  6 giant cockroaches
  2 gnoll zombies (Ossuary)
  6 goblins
  4 hobgoblins
  6 kobolds
  4 quokkas
  A frilled lizard (D:1)
  4 gnoll skeletons (Ossuary)
  5 goblin skeletons (Ossuary)
  5 goblin zombies (Ossuary)
  3 hobgoblin skeletons (Ossuary)
  7 hobgoblin zombies (Ossuary)
  3 kobold skeletons (Ossuary)
  4 kobold zombies (Ossuary)
  4 orc skeletons
  4 orc zombies (Ossuary)
  4 rats
  7 rat skeletons (Ossuary)
  3 rat zombies (Ossuary)
135 creatures vanquished.

Notes
Turn   | Place    | Note
-------+----------+-------------------------------------------
     0 | D:1      | H0rd4k the Octopode Shapeshifter began the quest for the
                  | Orb.
     0 | D:1      | Reached XP level 1. HP: 13/13 MP: 1/1
   163 | D:1      | Reached XP level 2. HP: 18/18 MP: 2/2
   328 | D:1      | Found a faded altar of an unknown god.
   626 | D:1      | Found The Oracle's Delphic Readings.
   741 | D:2      | Reached XP level 3. HP: 12/23 MP: 3/3
  1685 | D:3      | Reached skill level 4 in Unarmed Combat
  1743 | D:3      | Reached XP level 4. HP: 27/28 MP: 4/4
  1749 | D:3      | Noticed Jessica
  1756 | D:3      | Killed Jessica
  2063 | D:4      | Reached XP level 5. HP: 33/33 MP: 5/5
  2265 | D:4      | Reached skill level 5 in Unarmed Combat
  2314 | D:4      | Noticed Eustachio
  2337 | D:4      | Noticed Sigmund
  2365 | D:5      | Entered Level 5 of the Dungeon
  2462 | D:5      | Reached XP level 6. HP: 33/39 MP: 6/6
  2466 | D:5      | Found a sand-covered staircase.
  2479 | Ossuary  | Entered an ossuary
  2980 | Ossuary  | Noticed Menkaure
  3018 | Ossuary  | Gained mutation: Your spells are a little easier to cast,
                  | but a little less powerful. [potion of mutation]
  3018 | Ossuary  | Gained mutation: You occasionally shout uncontrollably at
                  | your foes. [potion of mutation]
  3018 | Ossuary  | Gained mutation: You are partially covered in large bone
                  | plates. (SH +4) [potion of mutation]
  3024 | Ossuary  | Killed Menkaure
  3025 | Ossuary  | Reached skill level 6 in Unarmed Combat
  3037 | Ossuary  | Reached XP level 7. HP: 32/45 MP: 7/7
  3263 | D:5      | Reached skill level 7 in Unarmed Combat
  3467 | D:5      | Found Saddaeh's Assorted Antiques.
  3480 | D:5      | Reached XP level 8. HP: 12/50 MP: 8/8
  3670 | D:5      | Found Okkueca's Antique Weapon Shoppe.
  3678 | D:5      | Reached skill level 8 in Unarmed Combat
  3769 | D:5      | Found Osatitys's Weapon Emporium.
  3840 | D:5      | Found Nuussoc's General Store.
  4067 | D:6      | Reached skill level 5 in Shapeshifting
  4092 | D:6      | Reached skill level 9 in Unarmed Combat
  4095 | D:6      | HP: 2/51 [ufetubus (5)]
  4095 | D:6      | Slain by an ufetubus

Illustrated notes

Levels and vault maps discovered:
D:1:      matt_arrival_spirals, layout_basic,
          hellmonk_ecumenical_altar_pennies_from_heaven,
          amcnicky_mini_pool_small, nicolae_nh_oracle_at_delphi
D:2:      layout_basic, serial_glass, glass_columns_c, glass_columns_c,
          glass_columns_a, glass_columns_a, glass_columns_c, glass_columns_a,
          glass_columns_a, glass_columns_a, glass_columns_c, glass_columns_a,
          dk_noncrumbling_4, minmay_misc_feat_chi, minmay_tetromino_t4
D:3:      layout_rooms, kennysheep_jessica_study
D:4:      layout_rooms, uniq_sigmund, uniq_eustachio
D:5:      layout_loops_ring, nicolae_ossuary_entry_catacombs, serial_shops,
          nicolae_lakefront_shop, shop, nicolae_shop_tiny_statue_garden, shop
D:6:      layout_basic, mainiacjoe_overflow_chevrons,
          minmay_temple_entry_statues_fountains, nicolae_shop_firing_range

Skill      XL: |  1  2  3  4  5  6  7  8 |
---------------+-------------------------+-----
Unarmed Combat | 4 5 6 7 9 |  9.0
Shapeshifting  | 4 5 |  5.2
Fighting       | 2 |  2.3
Dodging        | |  2.1
Shields        | |  0.1

Action                     |  1- 3 |  4- 6 |  7- 9 || total
---------------------------+-------+-------+-------++-------
  Melee: Unarmed           |    77 |   142 |    83 ||   302
         Tentacles         |    22 |    34 |    21 ||    77
         Constrict         |    20 |    52 |    17 ||    89
         Punch             |     2 |     5 |     5 ||    12
    Use: Potion            |       |     6 |       ||     6
         Scroll            |       |       |     1 ||     1
   Stab: Sleeping          |     7 |     1 |     2 ||    10
 Armour: Skin              |    29 |    46 |    37 ||   112
  Dodge: Dodged            |    35 |    70 |    43 ||   148
  Block: Other             |       |     1 |    10 ||    11
